AoeStats
← SirEscara19

Northern Isles

510624369Analyzed
1v1 RM · 22h ago on Oct 1, 2026· 93m 3s· 2 players
Game mode
Random Map
Map size
Tiny (2 player)
Population
200
Speed
Normal
Resources
Standard
Victory
Conquest
Starting age
Dark Age
Ending age
Imperial Age
RankedLock teamsTeams togetherTeam positionsShared explorationLock speedFull tech treeHidden civsTurbo modeCheats
Victory
Defeat
🇺🇾 Malay · Uruguay
807
+16
🇫🇷 Ethiopians · France
800
-16
SirMcMustard
11:15 Feudal Age
9:33 Loom
11:19 Feudal Age
12:42 Double-Bit Axe
15:24 Wheelbarrow
19:23 Castle Age
17:40 Padded Archer Armor
17:47 Fletching
18:55 Gold Mining
19:28 Crossbowman
20:56 Thumb Ring
23:22 Bodkin Arrow
23:44 Leather Archer Armor
24:20 Bow Saw
25:40 Stone Mining
27:02 Horse Collar
29:22 Hand Cart
32:38 Ballistics
37:35 Murder Holes
46:46 Heavy Plow
52:48 Imperial Age
54:24 Arbalester
56:32 Chemistry
55:52 Medium Warships
55:52 Capped Ram
57:56 Siege Ram
61:01 Gold Shaft Mining
61:36 Onager
73:28 Heavy Warships
SirEscara19
4:18 Loom
12:12 Feudal Age
13:31 Wheelbarrow
12:56 Double-Bit Axe
14:03 Town Watch
15:27 Horse Collar
20:22 Stone Mining
23:00 Castle Age
21:21 Gold Mining
26:19 Stone Shaft Mining
27:32 Treadmill Crane
28:52 Murder Holes
31:00 Ballistics
31:20 Hand Cart
43:42 Bow Saw
45:58 Careening
52:48 Town Patrol
56:19 Imperial Age
56:49 Chemistry
56:16 Conscription
66:30 Elite Skirmisher
67:30 Siege Engineers
67:54 Pikeman
72:01 Medium Warships
71:13 Elite Cannon Galleon
73:10 Heavy Warships
74:02 Padded Archer Armor
73:53 Fletching
77:24 Bodkin Arrow
77:39 Forging
80:03 Cavalier
91:35 Husbandry
Connection lost

Rejoining the realm…

Still unreachable

The connection could not be restored.

Session expired

The server has moved on; the page needs a fresh start.